 Dungeon Crawl Stone Soup version 0.27.1 (webtiles) character file.

Game seed: 3454427755356425580

56 Descartes the Magician (level 3, -2/19 HPs)
             Began as a Deep Elf Wanderer on Sept 4, 2021.
             Slain by a hellwing (13 damage)
             ... summoned by Xom
             ... on level 2 of the Dungeon.
             The game lasted 00:03:52 (1482 turns).

Descartes the Magician (Deep Elf Wanderer)          Turns: 1482, Time: 00:03:53

Health: -2/19      AC:  2    Str:  9      XL:     3   Next: 69%
Magic:  10/10      EV: 11    Int: 22 (25) God:
Gold:   31         SH:  0    Dex: 12      Spells: 9/10 levels left

rFire    . . .     SeeInvis .   a - +0 dagger
rCold    + . .     Faith    .   (no shield)
rNeg     . . .     Spirit   .   c - +0 robe
rPois    .         Reflect  .   (no helmet)
rElec    .         Harm     .   (no cloak)
rCorr    .         Rampage  .   (no gloves)
Will     .....                  (no boots)
Stlth    +.........             (no amulet)
HPRegen  0.06/turn              l - +6 ring of intelligence
MPRegen  0.12/turn              n - ring of protection from cold

@: no status effects
A: no striking features
a: no special abilities


You were on level 2 of the Dungeon.
You visited 1 branch of the dungeon, and saw 2 of its levels.

You collected 31 gold pieces.

Inventory:

Hand Weapons
 a - a +0 dagger (weapon)
Missiles
 e - 35 stones
 f - 8 atropa-tipped darts
 g - 24 sling bullets
 j - 34 poisoned darts
 k - 24 bolts
Armour
 c - a +0 robe (worn)
Jewellery
 l - a +6 ring of intelligence (left hand)
 n - a ring of protection from cold (right hand)
Scrolls
 b - a scroll of teleportation
 d - a scroll of fear {unknown}
 m - a scroll of enchant weapon {unknown}
Potions
 h - a potion of brilliance {unknown}
 i - a potion of attraction {unknown}


   Skills:
 - Level 1.0 Throwing
 - Level 1.0 Shields
 - Level 4.4 Spellcasting
 + Level 3.8 Conjurations
 - Level 2.1 Summonings
 - Level 3.2 Fire Magic


You had 9 spell levels left.
You knew the following spells:

 Your Spells              Type           Power      Damage    Failure   Level
a - Magic Dart            Conj           84%        1d7       2%          1

Your spell library contained the following spells:

 Spells                   Type           Power      Damage    Failure   Level
 Call Imp                 Summ           14%        N/A       7%          2
 Conjure Flame            Conj/Fire      20%        6-21      8%          3
 Blink                    Tloc           N/A        N/A       16%         2
 Corpse Rot               Necr/Air       N/A        N/A       16%         2
 Slow                     Hex            4%         N/A       16%         2
 Mephitic Cloud           Conj/Pois/Air  10%        N/A       19%         3
 Dispel Undead            Necr           4%         3d7       71%         4
 Death Channel            Necr           2%         N/A       100%        6


Dungeon Overview and Level Annotations

Branches:
Dungeon (2/15)

Altars:
Xom


Message History

The magic dart hits the bat.
The bat is severely wounded.
The bat hits you. x2
Casting: Magic Dart (safe; 2% risk of failure)
Confirm with . or Enter, or press ? or * to list all spells.
Aiming: Magic Dart (safe; 2% risk of failure)
Press: ? - help, Shift-Dir - straight line, f/p - bat
Aim: a bat (severely wounded, 100% to hit)
The magic dart hits the bat.
You kill the bat!
There is an open door, spattered with blood here.
Key pressed, stopping explore.
Unknown command.
Found 11 gold pieces.
You now have 31 gold pieces (gained 11).
You open the door.
A frilled lizard comes into view.
Casting: Magic Dart (safe; 2% risk of failure)
Confirm with . or Enter, or press ? or * to list all spells.
Aiming: Magic Dart (safe; 2% risk of failure)
Press: ? - help, Shift-Dir - straight line, f - frilled lizard
Aim: a frilled lizard (wandering, hasn't noticed you, 100% to hit)
The magic dart hits the frilled lizard.
You kill the frilled lizard!
Casting: Magic Dart (safe; 2% risk of failure)
Confirm with . or Enter, or press ? or * to list all spells.
You can't see any susceptible monsters within range! (Use Z to cast anyway.) Unknown command.
There is an open door here. "Time to have some fun!"
The divine experience confuses you!
You are confused.
You are too confused!
The ufetubus barely misses you. The ufetubus closely misses you.
You closely miss the ufetubus. The ufetubus hits you.
The ufetubus misses you. x2
The ufetubus closely misses you. The orange demon closely misses you.
You're too confused to move!
You feel less confused.
The ufetubus hits you. x2; The hellwing hits you!
Ouch! That really hurt!
You die...

#.......# #...#
#.......#
#...####.......#
#......#.......#
#......#.......####
#......#..........#
#....###........#
#....###........##
+@.45'..........+.
#54..###........##
+....+............
#....######...####
#....# #...# #
###########...# #
#.....##...# ##
#.....++...# #.
#.....##...# #.


You could see an orange demon (summoned), a hellwing (summoned), an iron imp
(summoned) and an ufetubus (summoned).

Vanquished Creatures
  3 adders (D:2)
  A worm (D:2)
  3 endoplasms
  A giant cockroach (D:1)
  A goblin (D:1)
  3 hobgoblins
  2 kobolds (D:1)
  A quokka (D:1)
  2 ball pythons (D:1)
  4 bats
  3 frilled lizards
  3 rats (D:1)
27 creatures vanquished.

Notes
Turn   | Place    | Note
-------+----------+-------------------------------------------
     0 | D:1      | Descartes the Deep Elf Wanderer began the quest for the
                  | Orb.
     0 | D:1      | Descartes set off with the following items: a +0 dagger, a
                  | scroll of teleportation, a +0 robe, a potion of
                  | lignification; and the following spell memorised: Magic
                  | Dart; and the following spells available to memorise: Call
                  | Imp, Blink, Slow, Conjure Flame, Mephitic Cloud
     0 | D:1      | Reached XP level 1. HP: 10/10 MP: 7/7
   212 | D:1      | Reached skill level 1 in Conjurations
   429 | D:1      | Found a faded altar of an unknown god.
   438 | D:1      | Reached XP level 2. HP: 15/15 MP: 6/9
   480 | D:1      | Became a worshipper of Xom of Chaos
   557 | D:1      | Fell from the grace of Xom
   959 | D:2      | Reached XP level 3. HP: 19/19 MP: 1/10
  1387 | D:2      | XOM: stat loss: -3 Int (22/25)
  1477 | D:2      | XOM: summons 4 hostile demons
  1478 | D:2      | Noticed an orange demon
  1478 | D:2      | Noticed a hellwing
  1482 | D:2      | Slain by a hellwing

Illustrated notes

Levels and vault maps discovered:
D:1:      tarquinn_simple_flora_water_a, layout_loops_ring,
          ebering_ecumenical_altar_mist
D:2:      layout_basic, uniq_terence

Skill      XL: |  1  2 |
---------------+-------+-----
Conjurations   | 1 3 |  3.8
Throwing       | |  1.0
Shields        | |  1.0
Spellcasting   | |  4.4
Summonings     | |  2.1
Fire Magic     | |  3.2

Action                   || total
-------------------------++-------
Melee: Dagger            ||     1
 Cast: Magic Dart        ||    74
Invok: Renounce Religion ||     1
  Use: Potion            ||     1
Armor: Skin              ||     4
Dodge: Dodged            ||    18
